Map: Tours du crépuscule

Players

zidar

  • Race: Zerg Zerg
  • League: Silver
  • Spawn Location: 1:00

PicWolf - Winner!

  • Race: Protoss Protoss
  • League: Silver
  • Spawn Location: 7:00

VOD

Have the link to the VOD?

Description

Time

  • Played on: Feb. 18, 2016, 11:19 a.m.
  • Length: 9:18
Show
View Real Time Build Order
Export as new Build Order

zidar Zerg 

Build Orders: Pool First 

Get SALT Encoding   

  12  0:02  Drone  
  13  0:12  Overlord  
  13  0:17  Drone  
  14  0:30  Drone  
  14  0:31  Drone  
  17  0:35  Drone  
  17  0:57  Spawning Pool, Drone x2  
  17  1:01  Extractor  
  17  1:23  Hatchery  
  17  1:24  Drone  
  17  1:28  Drone  
  18  1:35  Drone  
  19  1:41  Drone  
  19  1:45  Queen  
  22  1:53  Overlord  
  22  2:16  Hatchery  
  21  2:24  Queen  
  22  2:42  Metabolic Boost  
  22  2:48  Extractor  
  21  3:00  Queen  
  23  3:06  Zergling x4  
  23  3:07  Zergling x2  
  26  3:15  Overlord x2  
  26  3:57  Drone x8  
  34  4:17  Drone x5  
  39  4:38  Roach Warren  
  38  4:58  Lair  
  38  5:17  Zergling x4  
  38  5:18  Zergling x8  
  38  5:19  Zergling x2  
  45  5:23  Overlord x2  
  45  5:38  Overlord  
  45  5:41  Roach  
  45  5:42  Roach x8  
  63  5:44  Roach  
  65  5:56  Glial Reconstitution  
  65  6:07  Hydralisk Den  
  65  6:08  Ravager x3  
  65  6:09  Ravager x2  
  69  6:26  Drone x5  
  69  6:29  Overlord x2  
  74  6:47  Roach x7  
  88  7:01  Extractor  
  87  7:03  Extractor  
  87  7:07  Extractor  
  87  7:08  Drone x5  
  90  7:13  Extractor  
  89  7:19  Muscular Augments  
  89  7:22  Overlord  
  89  7:23  Overlord  
  89  7:25  Overlord  
  87  7:53  Hydralisk x7  
  101  8:11  Overseer  
  101  8:28  Pneumatized Carapace  
  101  8:31  Hydralisk x6  
Show
View Real Time Build Order
Export as new Build Order

PicWolf Protoss - Winner!

Build Orders:  

Get SALT Encoding   

  12  0:01  Probe (Chrono Boost)  
  13  0:11  Probe (Chrono Boost)  
  14  0:19  Pylon  
  14  0:22  Probe (Chrono Boost)  
  15  0:37  Probe (Chrono Boost), Gateway  
  16  0:47  Probe (Chrono Boost), Assimilator  
  17  0:58  Probe (Chrono Boost)  
  17  1:01  Pylon  
  18  1:08  Probe (Chrono Boost)  
  19  1:19  Probe (Chrono Boost)  
  20  1:30  Probe (Chrono Boost)  
  20  1:31  Cybernetics Core  
  23  1:40  Probe (Chrono Boost)  
  24  1:51  Probe (Chrono Boost)  
  25  1:59  Nexus  
  24  2:01  Probe (Chrono Boost)  
  24  2:12  Mothership Core (Chrono Boost), Assimilator  
  26  2:21  Stalker  
  28  2:35  Probe (Chrono Boost)  
  29  2:40  Gateway  
  29  2:41  Gateway  
  29  2:46  Probe (Chrono Boost)  
  29  2:50  Warp Gate (Chrono Boost)  
  30  2:57  Probe  
  31  3:11  Probe  
  32  3:19  Pylon  
  32  3:21  Robotics Facility  
  32  3:23  Probe  
  33  3:33  Probe  
  33  3:35  Probe  
  33  3:40  Forge  
  35  3:41  Pylon  
  35  3:44  Probe  
  35  3:47  Probe  
  37  3:54  Probe  
  37  4:00  Probe  
  39  4:05  Probe  
  39  4:09  Stalker x3  
  46  4:12  Protoss Ground Weapons Level 1  
  46  4:13  Probe, Immortal (Chrono Boost)  
  51  4:23  Probe  
  52  4:25  Probe  
  53  4:35  Probe  
  54  4:54  Immortal (Chrono Boost)  
  58  5:01  Gateway  
  58  5:03  Gateway x2  
  58  5:06  Gateway  
  58  5:11  Twilight Council  
  58  5:12  Stalker  
  58  5:14  Zealot  
  62  5:23  Pylon  
  62  5:32  Pylon  
  62  5:39  Pylon  
  62  5:42  Warp Prism (Chrono Boost)  
  64  5:48  Pylon  
  64  5:52  Pylon  
  64  5:54  Resonating Glaives (Chrono Boost)  
  64  5:57  Stalker x2  
  64  6:02  Stalker  
  70  6:12  Observer (Chrono Boost)  
  71  6:41  Pylon  
  71  6:42  Zealot x3  
  71  6:43  Zealot x4  
  85  7:09  Sentry, Zealot x2  
  85  7:10  Zealot x4  
  99  7:24  Assimilator  
  99  7:26  Charge (Chrono Boost)  
  99  7:38  Pylon  
  99  7:41  Pylon  
  97  7:44  Pylon  
  97  7:52  Zealot x2  
  97  7:53  Zealot x3  
  97  7:54  Sentry  
  97  7:56  Sentry  
  111  8:15  Zealot  
  111  8:16  Zealot x4  
  119  8:34  Zealot x2  
  119  8:35  Pylon  
  119  8:36  Adept x2  
  119  8:37  Adept x3, Pylon  
  119  8:39  Pylon  
  123  9:01  Adept x3  
  123  9:02  Adept x4  
Tags
 
Add a new tag
Caveats
  • Supply blocks, unpowered buildings, or Contaminate may cause inaccurate times.
  • Supply counts are checked every 10 seconds.